Map: Dusk Towers

Players

egoist

  • Race: Terran Terran
  • League: Platinum

ILLBdA - Winner!

  • Race: Zerg Zerg
  • League: Diamond

VOD

Have the link to the VOD?

Description

Time

  • Played on: Jan. 3, 2016, 7:07 p.m.
  • Length: 10:58
Show
View Real Time Build Order
Export as new Build Order

egoist Terran 

Build Orders:  

Get SALT Encoding   

  12  0:01  SCV  
  13  0:13  SCV  
  14  0:17  Supply Depot  
  14  0:25  SCV  
  15  0:39  SCV  
  15  0:41  Barracks  
  16  0:46  Refinery  
  16  0:51  SCV  
  17  1:01  Refinery  
  17  1:03  SCV  
  18  1:11  Barracks  
  18  1:15  SCV  
  19  1:29  Reaper  
  19  1:30  Orbital Command  
  20  1:49  Barracks  
  20  1:59  Reaper  
  22  2:01  Reaper  
  22  2:02  Supply Depot  
  22  2:05  SCV  
  23  2:24  SCV  
  23  2:25  Supply Depot  
  24  2:31  Reaper  
  24  2:33  Reaper  
  26  2:40  Reaper  
  27  2:50  SCV  
  27  3:02  SCV  
  27  3:03  Reaper  
  27  3:05  Reaper  
  30  3:16  Reaper  
  31  3:30  Command Center  
  31  3:35  Reaper  
  31  3:37  Reaper  
  33  3:48  Reaper  
  32  4:07  Reaper  
  32  4:09  Reaper  
  32  4:20  Reaper  
  30  4:39  Reaper  
  30  4:41  Reaper  
  31  4:52  SCV, Reaper, Orbital Command  
  32  5:04  SCV  
  33  5:11  Reaper  
  33  5:14  Reaper  
  33  5:15  Bunker  
  33  5:17  SCV  
  33  5:19  Barracks  
  33  5:21  Factory, Barracks  
  34  5:29  SCV  
  34  5:30  Supply Depot  
  30  6:06  Factory Tech Lab  
  30  6:07  SCV x2  
  30  6:10  Starport  
  32  6:12  Barracks Tech Lab x2  
  32  6:13  Barracks Reactor  
  32  6:14  Barracks Reactor  
  32  6:19  SCV x2  
  32  6:21  Marine  
  35  6:27  Siege Tank  
  35  6:30  Marine  
  35  6:31  SCV  
  42  6:32  Marauder  
  42  6:33  Stimpack  
  33  6:50  Marauder, Marine x2  
  24  7:06  SCV x2  
  20  7:18  SCV  
  20  7:19  SCV  
  20  7:21  Siege Tank  
  25  7:27  Marine x3  
  26  7:30  SCV  
  26  7:31  SCV  
  28  7:43  SCV x2  
  28  7:47  Marine x2  
  28  7:49  Marine x2  
  28  7:50  Marine  
  33  7:55  SCV x2  
  35  8:07  SCV x2  
  35  8:08  Marine x4  
  35  8:09  Marauder  
Show
View Real Time Build Order
Export as new Build Order

ILLBdA Zerg - Winner!

Build Orders: Hatch First 

Get SALT Encoding   

  12  0:01  Drone  
  13  0:12  Overlord  
  13  0:19  Drone  
  14  0:31  Drone x2  
  14  0:34  Drone  
  17  0:53  Hatchery  
  16  0:57  Drone  
  17  1:10  Spawning Pool  
  16  1:12  Drone  
  16  1:14  Extractor  
  16  1:17  Drone  
  17  1:25  Drone  
  18  1:30  Drone  
  19  1:54  Overlord  
  19  1:56  Queen  
  19  1:57  Zergling x2  
  22  2:07  Queen  
  24  2:10  Drone x2  
  26  2:22  Drone x3  
  28  2:46  Drone x4  
  28  2:47  Queen  
  28  2:50  Extractor  
  28  2:51  Metabolic Boost  
  33  2:52  Roach Warren  
  33  2:56  Drone x2  
  34  3:07  Overlord  
  35  3:12  Zergling x2  
  35  3:19  Zergling x4  
  36  3:34  Roach x4  
  41  3:55  Roach  
  43  3:59  Overlord  
  43  4:19  Roach x5  
  47  4:32  Roach x2  
  47  4:34  Overlord x2  
  49  4:47  Ravager  
  49  4:48  Ravager x2  
  49  4:49  Roach  
  52  5:01  Roach  
  52  5:02  Roach x2  
  58  5:12  Roach  
  58  5:13  Zergling x12  
  66  5:16  Overlord  
  60  5:44  Hatchery  
  60  5:48  Ravager  
  57  5:50  Zergling x6  
  57  5:51  Zergling x12  
  57  6:05  Ravager  
  57  6:06  Ravager  
  59  6:19  Drone x5, Baneling Nest  
  61  6:41  Zergling x2  
  61  6:42  Zergling x10  
  61  6:45  Zergling x2  
  61  6:46  Zergling x2  
  65  6:54  Zergling x6  
  63  6:57  Roach x2  
  67  7:01  Burrow  
  51  7:19  Zergling x12  
  55  7:27  Zergling x6  
  55  7:28  Zergling x6  
  57  7:42  Zergling x10  
  57  7:49  Zergling x2  
  58  7:54  Zergling x4  
  58  7:56  Baneling x12  
  60  8:05  Drone x6  
  66  8:09  Lair  
  66  8:16  Evolution Chamber  
  66  8:19  Zergling x6  
  62  8:34  Zergling x16  
  61  8:41  Zergling x8  
  72  8:50  Baneling x3  
  72  8:51  Baneling x6  
  72  8:52  Zergling x2  
  72  8:53  Zergling x4  
  75  9:32  Spore Crawler  
  75  9:36  Drone x8  
  82  9:47  Overlord x7  
  82  10:05  Ravager  
  82  10:06  Ravager  
  84  10:09  Extractor  
  84  10:10  Extractor  
  84  10:12  Hatchery  
  84  10:14  Hatchery, Drone x13  
  80  10:15  Hydralisk Den  
  80  10:18  Extractor  
  80  10:19  Extractor  
  90  10:42  Drone x10  
Tags
 
Matchup
TvZ
Replay Pack
me
Add a new tag
Caveats
  • Supply blocks, unpowered buildings, or Contaminate may cause inaccurate times.
  • Supply counts are checked every 10 seconds.